 Dungeon Crawl Stone Soup version 0.30.1-11-g7821555f0a (webtiles) character file.

Game seed: 6509721054325096999

33 ChrisAssaf the Magician (level 3, 0/25 HPs)
             Began as a Djinni Enchanter on Nov 8, 2023.
             Slain by Crazy Yiuf (5 damage)
             ... on level 3 of the Dungeon on Nov 9, 2023.
             The game lasted 00:02:35 (458 turns).

ChrisAssaf the Magician (Djinni Enchanter)           Turns: 458, Time: 00:02:35

Health: 0/25       AC:  2    Str:  9    XL:     3   Next: 47%
Gold:   6          EV: 12    Int: 16    God:
                   SH:  0    Dex: 13

rFire   + + .        a - +1 dagger
rCold   x . .        (no shield)
rNeg    . . .        b - +0 robe
rPois   ∞            (no helmet)
rElec   .            (no cloak)
rCorr   .            (no gloves)
SInv    .            (boots unavailable)
Will    .....        (no amulet)
Stlth   ++           (no ring)
HPRegen 0.24/turn    (no ring)
MPRegen 0.00/turn

%: infuse magic (-1 HP)
@: flying, invisible
A: sickness immunity, fire resistance 2, cold vulnerability 1, float, innate
caster, HP casting, extra vitality 1
a: no special abilities


You were on level 3 of the Dungeon.
You visited 1 branch of the dungeon, and saw 3 of its levels.

You collected 48 gold pieces.
You spent 42 gold pieces at shops.

Inventory:

Hand Weapons
 a - a +1 dagger (weapon)
Armour
 b - a +0 robe (worn)
Scrolls
 d - a scroll of enchant armour {unknown}
 e - a scroll of poison {unknown}


   Skills:
 * Level 0.3 Fighting
 * Level 1.0 Short Blades
 * Level 0.5 Armour
 * Level 2.4 Dodging
 * Level 2.7 Stealth
 * Level 2.9 Spellcasting


You knew the following spells:

 Your Spells              Type           Power      Damage    Failure   Level
a - Ensorcelled Hibernat  Hex/Ice        22%        N/A       9%          2
b - Confusing Touch       Hex            11%        N/A       17%         3
c - Tukima's Dance        Hex            11%        N/A       17%         3
d - Dazzling Flash        Conj/Hex       22%        N/A       17%         3
e - Slow                  Hex            44%        N/A       5%          1
Your spell library was empty.

Dungeon Overview and Level Annotations

Branches:
Dungeon (3/15)

Altars:

Shops:
D:2 !

Annotations:
D:3 Crazy Yiuf


Innate Abilities, Weirdness & Mutations

You are immune to sickness and miasma.
You are immune to poison.
Your flesh is very heat resistant. (rF++)
You are vulnerable to cold. (rC-)
You float through the air rather than walking.
You learn spells naturally, not from books.
Your magical power is your life essence.
You have superior vitality. (+4 MHP)


Message History

You hit the orc but do no damage. The bat hits you but does no damage.
The orc hits you but does no damage. The bat hits you but does no damage.
You hit the orc but do no damage.
The orc appears confused.
The bat hits you but does no damage. x2
The bat attacks as you move away! The bat hits you.
* * * LOW HITPOINT WARNING * * *
The orc mumbles something.
The bat barely misses you. The bat attacks as you move away!
The bat barely misses you. The bat closely misses you.
The bat barely misses you.
Your +0 flail hits the orc!
The orc dies!
You hit the bat.
The bat is moderately wounded.
The bat hits you but does no damage. The bat hits you but does no damage.
The bat barely misses you. The bat misses you. The bat closely misses you.
You miss the bat.
The bat is moderately wounded.
The bat closely misses you.
You hit the bat.
You kill the bat!
Found a hammer.
Found a runed translucent door.
Crazy Yiuf shouts!
Crazy Yiuf waves his quarterstaff at you.
You fade into invisibility!
You reach down and open the door.
Casting: Tukima's Dance (extremely dangerous; 17% risk of failure)
Confirm with . or Enter, or press ? or * to list all spells.
The spell is extremely dangerous to miscast (17% risk of failure)!
Continue anyway?
Aiming: Tukima's Dance (extremely dangerous; 17% risk of failure)
Press: ? - help, Shift-Dir - straight line, f - Crazy Yiuf
Aim: Crazy Yiuf, wielding a +4 quarterstaff of chaos and wearing a +0 cloak (unable to see you, chance to affect: 53%)
The +4 quarterstaff of chaos dances into the air!
Crazy Yiuf misses you.
You barely miss Crazy Yiuf. Crazy Yiuf hits you.
* * * LOW HITPOINT WARNING * * *
You closely miss Crazy Yiuf. Crazy Yiuf hits you.
You die...

†.......#.# .....##.#
# .#.$### .#w...#
.#..#.# .#..#...
.#†######### ###
.#.........# ###..)#
##.##.w.w..#####@g(..#
####........#..##...#
#.......#w### ###
#...####### #####


You could see Crazy Yiuf (unable to see you, ally target), a worm (unable to see
you) and a friendly +4 quarterstaff of chaos.

Vanquished Creatures
  2 adders (D:2)
  A dart slug (D:1)
  A ball python (D:2)
  2 goblins
  2 kobolds
  3 bats
  2 rats (D:2)
13 creatures vanquished.

Vanquished Creatures (collateral kills)
  An orc (D:3)
1 creature vanquished.

Grand Total: 14 creatures vanquished

Notes
Turn   | Place    | Note
-------+----------+-------------------------------------------
     0 | D:1      | ChrisAssaf the Djinni Enchanter began the quest for the
                  | Orb.
     0 | D:1      | ChrisAssaf set off with the following spells memorised:
                  | Ensorcelled Hibernation, Confusing Touch, Tukima's Dance,
                  | Dazzling Flash.
     0 | D:1      | Reached XP level 1. HP: 15/15 MP: 0/0
     6 | D:1      | Noticed a polar bear
     6 | D:1      | Noticed a salamander
     7 | D:1      | Noticed a four-headed hydra
   124 | D:1      | Reached XP level 2. HP: 8/21 MP: 0/0
   220 | D:2      | Found Gocve's Distillery.
   224 | D:2      | Reached skill level 1 in Short Blades
   310 | D:2      | Reached XP level 3. HP: 7/25 MP: 0/0
   310 | D:2      | Learned a level 1 spell: Slow
   402 | D:2      | Bought a potion of curing for 42 gold pieces
   450 | D:3      | Found a runed translucent door.
   451 | D:3      | Noticed Crazy Yiuf
   458 | D:3      | Slain by Crazy Yiuf

Illustrated notes

Levels and vault maps discovered:
D:1:      onia_arrival_zoo_common, layout_basic
D:2:      layout_rooms, serial_shops, nicolae_shop_tiny_statue_garden
D:3:      layout_basic, demons_altar, minmay_cupped, uniq_terence, uniq_sigmund,
          uniq_crazy_yiuf_cottage

Skill      XL: |  1  2 |
---------------+-------+-----
Short Blades   | 1 |  1.0
Fighting       | |  0.3
Armour         | |  0.5
Dodging        | |  2.4
Stealth        | |  2.7
Spellcasting   | |  2.9

Action                     || total
---------------------------++-------
  Melee: Dagger            ||    46
   Cast: Ensorcelled Hiber ||     5
         Tukima's Dance    ||     2
         Confusing Touch   ||     1
    Use: Potion            ||     3
   Stab: Sleeping          ||     5
 Armour: Robe              ||    16
  Dodge: Dodged            ||    33
